Canucks vs Blues
(R3)
Created - October 31, 2019 at 19:27
Goals
|
| Canucks |
1 |
4 |
1 |
6 |
| Blues |
0 |
0 |
1 |
1 |
|
Shots
|
| Canucks |
5 |
16 |
8 |
29 |
| Blues |
7 |
9 |
5 |
21 |
|
1st period
1. Canucks , Nick Palmieri 1 (Jamie McBain 4, Alex Goligoski 4) at 8:11
Penalties :
Jordie Benn (Van) for Holding (Minor) at 8:32, Alex Goligoski (Van) for Interference (Minor) at 8:40, Alex Pietrangelo (STL) for Tripping (Minor) at 13:04, Steve Bernier (Van) for Roughing (Minor) at 15:29
2nd period
2. Canucks , Henrik Zetterberg 1 (Robert Nilsson 2, Dennis Wideman 2) at 6:59
3. Canucks , Kris Versteeg 6 (Robert Nilsson 3) at 14:05 (PP)
4. Canucks , Kris Versteeg 7 (Henrik Zetterberg 5, Jamie McBain 5) at 15:29 (PP)
5. Canucks , Henrik Zetterberg 2 (Robert Nilsson 4) at 17:25 (PP)
Penalties :
Jamie McBain (Van) for Interference (Minor) at 7:14, Alex Pietrangelo (STL) for Holding (Minor) at 9:23, Nicklas Backstrom (STL) for Boarding (Minor) at 14:02, Jake Gardiner (STL) for Holding (Minor) at 15:19, Jeff Skinner (STL) for Cross-checking (Minor) at 17:22, Filip Forsberg (STL) for Slashing (Double Minor) at 17:53
3rd period
6. Blues , Travis Zajac 1 (Yann Sauvé 2, Drew Shore 1) at 12:55 (SH)
7. Canucks , Nick Palmieri 2 (Alex Goligoski 5, Jamie McBain 6) at 16:00 (PP)
Penalties :
David Perron (STL) for Hooking (Minor) at 4:58, Sergei Shirokov (STL) for Tripping (Minor) at 11:11, Pascal Leclaire (STL) for Delaying the game (Minor) at 11:57 - Jeff Skinner served the penalty, Sam Gagner (STL) for Hooking (Minor) at 15:01, Nicklas Backstrom (STL) for Holding (Minor) at 16:23
Goalie Stats
Jacob Markstrom (Van), 20 saves from 21 shots - (0.952), W, 2-3-0, 60:00 minutes
Carey Price (STL), 15 saves from 19 shots - (0.789), L, 1-4-0, 35:29 minutes
Pascal Leclaire (STL), 8 saves from 10 shots - (0.800), 24:31 minutes
Players Stats for Canucks
Player Name G A P +/- PIM S H SB GA TA FO MP PP MP PK MP
------------------------------------------------------------------------------------
Alex Goligoski 0 2 2 1 2 1 3 2 3 1 0/0 28:17 10:12 2:39
Brenden Morrow 0 0 0 0 0 2 2 0 0 1 0/0 11:26 0:06 0:51
Clarke MacArthur 0 0 0 1 0 1 3 0 0 0 0/0 19:37 6:57 1:06
Danny DeKeiser 0 0 0 0 0 0 1 0 0 0 0/0 10:31 0:00 0:00
Darren Helm 0 0 0 0 0 0 0 0 0 0 0/0 2:31 0:06 0:00
Dennis Wideman 0 1 1 0 0 2 1 1 1 0 0/0 20:03 5:43 2:59
Drew Fata 0 0 0 0 0 3 2 0 0 0 0/0 19:50 5:43 2:40
Henrik Zetterberg 2 1 3 0 0 3 1 0 0 0 1/1 21:04 8:52 1:06
James Wright 0 0 0 0 0 0 0 0 1 0 1/2 4:57 0:00 0:00
Jamie McBain 0 3 3 1 2 3 3 1 2 2 0/0 28:58 10:12 2:39
Jason Zucker 0 0 0 0 0 0 0 1 0 0 0/0 4:57 0:00 0:00
Jordie Benn 0 0 0 0 2 1 1 1 1 0 0/0 12:26 0:00 1:14
Kris Versteeg 2 0 2 0 0 4 4 0 0 1 1/3 22:35 8:52 2:43
Marc Savard 0 0 0 1 0 0 1 0 0 0 3/9 18:23 6:57 0:00
Nick Palmieri 2 0 2 1 0 6 2 0 1 0 0/1 18:23 6:57 0:00
Riley Sheahan 0 0 0 0 0 2 1 1 0 0 2/4 11:43 0:00 1:14
Robert Nilsson 0 3 3 0 0 1 2 1 0 0 16/38 25:41 8:52 3:17
Steve Bernier 0 0 0 0 2 0 1 1 1 0 0/0 10:38 0:06 0:00
Players Stats for Blues
Player Name G A P +/- PIM S H SB GA TA FO MP PP MP PK MP
------------------------------------------------------------------------------------
Alex Pietrangelo 0 0 0 -2 4 2 0 4 1 1 0/0 26:20 4:04 7:20
Cody Ceci 0 0 0 -2 0 2 0 1 0 2 0/0 23:59 0:00 9:42
David Perron 0 0 0 -2 2 1 0 0 1 0 0/3 15:03 2:47 0:00
Dougie Hamilton 0 0 0 0 0 2 1 1 0 1 0/0 15:15 2:01 0:33
Drew Shore 0 1 1 0 0 2 1 0 0 0 6/7 13:26 0:00 6:40
Filip Forsberg 0 0 0 0 4 1 1 0 0 0 1/1 14:52 3:18 1:25
Jake Gardiner 0 0 0 1 2 1 3 2 1 0 0/0 24:59 4:04 6:13
Jeff Skinner 0 0 0 0 2 0 0 0 1 0 0/0 10:50 0:00 1:27
Jesper Fast 0 0 0 0 0 0 0 0 0 0 0/0 6:16 0:00 0:00
Jordan Eberle 0 0 0 -2 0 2 1 3 1 1 2/4 24:01 3:18 8:20
Linus Omark 0 0 0 0 0 1 1 0 0 0 1/1 5:49 0:00 0:00
Nick Leddy 0 0 0 0 0 0 0 1 0 1 0/0 13:01 2:01 1:49
Nicklas Backstrom 0 0 0 -2 4 3 0 1 0 0 13/22 15:54 3:18 0:00
Patrick Kaleta 0 0 0 0 0 2 1 0 0 1 0/0 13:43 0:00 4:18
Sam Gagner 0 0 0 0 2 0 2 0 0 1 4/7 12:10 2:47 0:00
Sergei Shirokov 0 0 0 0 2 0 1 5 0 1 0/0 12:44 2:47 0:28
Travis Zajac 1 0 1 1 0 2 3 0 0 0 7/13 17:45 0:00 7:59
Yann Sauvé 0 1 1 1 0 0 0 1 0 1 0/0 16:35 0:00 6:13
3 Stars
1 - Henrik Zetterberg (Van)
2 - Kris Versteeg (Van)
3 - Nick Palmieri (Van)
Power Play
Canucks - 4 on 12 Attempt(s) - 33.33%
Blues - 0 on 4 Attempt(s) - 0.00%
Penalty Kill
Canucks - 4 on 4 Attempt(s) - 100.00%
- Score 0 goal in Penalty Kill
Blues - 8 on 12 Attempt(s) - 66.67%
- Score 1 goal in Penalty Kill
Team Stat
Canucks - Hits : 28 - Faceoff Wins : 24 - Blocked Shots : 9 - Penalty Minutes : 8
Blues - Hits : 15 - Faceoff Wins : 34 - Blocked Shots : 19 - Penalty Minutes : 24
Official
Referees : Unknown
Linesman : Unknown
Game Notes
Pascal Leclaire enters game at 15:29 of 2nd period
Finance
Level 1 -- Attendance: 5285 (88.08%) -- Ticket Income $581,350
Level 2 -- Attendance: 4099 (81.98%) -- Ticket Income $295,128
Level 3 -- Attendance: 1450 (72.50%) -- Ticket Income $65,250
Level 4 -- Attendance: 4000 (100.00%) -- Ticket Income $120,000
Luxury Box -- Attendance: 840 (84.00%) -- Ticket Income $168,000
Game was played at the Scotttrade center.
Total Attendance: 15674 (87.08%)
Total Ticket Income: $1,229,728
Other Income: $184,459
Total Income: $1,414,187
Canucks
5 vs 5 Forward
Center Left Wing Right Wing Time % Phy DF OF
1 Robert Nilsson Henrik Zetterberg Kris Versteeg 40 1 2 2
2 Marc Savard Clarke MacArthur Nick Palmieri 30 1 2 2
3 Riley Sheahan Brenden Morrow Steve Bernier 20 1 2 2
4 James Wright Jason Zucker Robert Nilsson 10 1 2 2
5 vs 5 Defense
Defense Defense Time % Phy DF OF
1 Jamie McBain Alex Goligoski 40 1 2 2
2 Drew Fata Dennis Wideman 30 1 2 2
3 Danny DeKeiser Jordie Benn 20 1 2 2
4 Jamie McBain Alex Goligoski 10 1 2 2
PowerPlay Forward
Center Left Wing Right Wing Time % Phy DF OF
1 Robert Nilsson Henrik Zetterberg Kris Versteeg 60 1 2 2
2 Marc Savard Clarke MacArthur Nick Palmieri 40 1 2 2
PowerPlay Defense
Defense Defense Time % Phy DF OF
1 Jamie McBain Alex Goligoski 60 1 2 2
2 Drew Fata Dennis Wideman 40 1 2 2
Penalty Kill 4 Players Forward
Center Wing Time % Phy DF OF
1 Robert Nilsson Kris Versteeg 60 1 2 2
2 Henrik Zetterberg Clarke MacArthur 40 1 2 2
Penalty Kill 4 Players Defense
Defense Defense Time % Phy DF OF
1 Jamie McBain Alex Goligoski 60 1 2 2
2 Drew Fata Dennis Wideman 40 1 2 2
Penalty Kill - 3 Players Forward
Forward Time % Phy DF OF
1 Robert Nilsson 60 1 2 2
2 Kris Versteeg 40 1 2 2
Penalty Kill - 3 Players Defense
Defense Defense Time % Phy DF OF
1 Jamie McBain Alex Goligoski 60 1 2 2
2 Drew Fata Dennis Wideman 40 1 2 2
4 vs 4 Forward
Center Wing Time % Phy DF OF
1 Robert Nilsson Kris Versteeg 60 1 2 2
2 Henrik Zetterberg Clarke MacArthur 40 1 2 2
4 vs 4 Defense
Defense Defense Time % Phy DF OF
1 Jamie McBain Alex Goligoski 60 1 2 2
2 Drew Fata Dennis Wideman 40 1 2 2
Last Minutes Offensive
Center Left Wing Right Wing Defense Defense
Robert Nilsson Henrik Zetterberg Kris Versteeg Jamie McBain Alex Goligoski
Last Minutes Defensive
Center Left Wing Right Wing Defense Defense
Robert Nilsson Henrik Zetterberg Kris Versteeg Jamie McBain Alex Goligoski
Goaltenders
Starting : Jacob Markstrom
Backup : Alex Stalock
Extra Forwards
Normal : Darren Helm, Brenden Morrow, Riley Sheahan - PP : Darren Helm, Brenden Morrow - PK : Riley Sheahan
Extra Defensemen
Normal : Danny DeKeiser, Jordie Benn, Drew Fata - PP : Danny DeKeiser - PK : Jordie Benn, Drew Fata
Penalty Shots
Robert Nilsson, Kris Versteeg, Henrik Zetterberg, Clarke MacArthur, Marc Savard
Scratches
None
Blues
5 vs 5 Forward
Center Left Wing Right Wing Time % Phy DF OF
1 Nicklas Backstrom David Perron Jordan Eberle 40 1 2 2
2 Travis Zajac Filip Forsberg Sergei Shirokov 30 1 2 2
3 Sam Gagner Jeff Skinner Patrick Kaleta 20 1 2 2
4 Drew Shore Linus Omark Jesper Fast 10 1 2 2
5 vs 5 Defense
Defense Defense Time % Phy DF OF
1 Alex Pietrangelo Cody Ceci 40 1 2 2
2 Dougie Hamilton Jake Gardiner 30 1 2 2
3 Nick Leddy Yann Sauvé 20 1 2 2
4 Jake Gardiner Yann Sauvé 10 1 2 2
PowerPlay Forward
Center Left Wing Right Wing Time % Phy DF OF
1 Nicklas Backstrom Filip Forsberg Jordan Eberle 60 1 2 2
2 Sam Gagner David Perron Sergei Shirokov 40 1 2 2
PowerPlay Defense
Defense Defense Time % Phy DF OF
1 Alex Pietrangelo Jake Gardiner 60 1 2 2
2 Nick Leddy Dougie Hamilton 40 1 2 2
Penalty Kill 4 Players Forward
Center Wing Time % Phy DF OF
1 Travis Zajac Jordan Eberle 60 1 2 2
2 Drew Shore Patrick Kaleta 40 1 2 2
Penalty Kill 4 Players Defense
Defense Defense Time % Phy DF OF
1 Alex Pietrangelo Cody Ceci 60 1 2 2
2 Jake Gardiner Yann Sauvé 40 1 2 2
Penalty Kill - 3 Players Forward
Forward Time % Phy DF OF
1 Drew Shore 60 1 2 2
2 Travis Zajac 40 1 2 2
Penalty Kill - 3 Players Defense
Defense Defense Time % Phy DF OF
1 Alex Pietrangelo Cody Ceci 60 1 2 2
2 Jake Gardiner Yann Sauvé 40 1 2 2
4 vs 4 Forward
Center Wing Time % Phy DF OF
1 Nicklas Backstrom David Perron 60 1 2 2
2 Travis Zajac Jordan Eberle 40 1 2 2
4 vs 4 Defense
Defense Defense Time % Phy DF OF
1 Alex Pietrangelo Dougie Hamilton 60 1 2 2
2 Jake Gardiner Yann Sauvé 40 1 2 2
Last Minutes Offensive
Center Left Wing Right Wing Defense Defense
Nicklas Backstrom David Perron Jordan Eberle Alex Pietrangelo Jake Gardiner
Last Minutes Defensive
Center Left Wing Right Wing Defense Defense
Travis Zajac Linus Omark Jordan Eberle Yann Sauvé Cody Ceci
Goaltenders
Starting : Carey Price
Backup : Pascal Leclaire
Extra Forwards
Normal : Sam Gagner, Jesper Fast, Jordan Eberle - PP : Travis Zajac, Nicklas Backstrom - PK : Filip Forsberg
Extra Defensemen
Normal : Nick Leddy, Cody Ceci, Jake Gardiner - PP : Nick Leddy - PK : Nick Leddy, Jake Gardiner
Penalty Shots
David Perron, Jeff Skinner, Jordan Eberle, Nicklas Backstrom, Travis Zajac
Scratches
D.J King (Healthy), Tomas Plekanec (Healthy)
% Time on Ice - Canucks
Lines # - Real PCT - Wanted PCT - Time Play
Normal Forward
1 - 29% - 40% - 11:04
2 - 30% - 30% - 11:34
3 - 27% - 20% - 10:25
4 - 13% - 10% - 4:57
Normal Defense
1 - 40% - 40% - 15:15
2 - 30% - 30% - 11:21
3 - 28% - 20% - 10:31
4 - 2% - 10% - 0:53
PP Forward
1 - 56% - 60% - 8:58
2 - 44% - 40% - 6:57
PP Defense
1 - 64% - 60% - 10:12
2 - 36% - 40% - 5:43
PK Forward
1 - 73% - 60% - 3:06
2 - 27% - 40% - 1:08
PK Defense
1 - 66% - 60% - 2:48
2 - 34% - 40% - 1:26
PK3 Forward
1 - 77% - 60% - 1:25
2 - 23% - 40% - 0:26
PK3 Defense
1 - 66% - 60% - 1:13
2 - 34% - 40% - 0:38
44 Forward
1 - 0% - 60%
2 - 0% - 40%
44 Defense
1 - 0% - 60%
2 - 0% - 40%
Last Minute Offensive - 0:00
Last Minute Defensive - 0:00
Total
Forward - 60:00
Defense - 60:00
|
% Time on Ice - Blues
Lines # - Real PCT - Wanted PCT - Time Play
Normal Forward
1 - 34% - 40% - 13:04
2 - 26% - 30% - 10:03
3 - 24% - 20% - 9:04
4 - 15% - 10% - 5:49
Normal Defense
1 - 41% - 40% - 15:32
2 - 34% - 30% - 13:04
3 - 18% - 20% - 7:01
4 - 6% - 10% - 2:23
PP Forward
1 - 54% - 60% - 3:18
2 - 46% - 40% - 2:47
PP Defense
1 - 67% - 60% - 4:04
2 - 33% - 40% - 2:01
PK Forward
1 - 71% - 60% - 10:24
2 - 29% - 40% - 4:18
PK Defense
1 - 60% - 60% - 8:51
2 - 40% - 40% - 5:51
PK3 Forward
1 - 86% - 60% - 1:03
2 - 14% - 40% - 0:10
PK3 Defense
1 - 70% - 60% - 0:51
2 - 30% - 40% - 0:22
44 Forward
1 - 0% - 60%
2 - 0% - 40%
44 Defense
1 - 0% - 60%
2 - 0% - 40%
Last Minute Offensive - 0:00
Last Minute Defensive - 0:00
Total
Forward - 60:00
Defense - 60:00
|
Play-by-Play
1st period
0:01 of 1st period - Henrik Zetterberg wins face-off versus David Perron in neutral zone.
0:27 of 1st period - Alex Pietrangelo is hit by Nick Palmieri and loses puck.
1:09 of 1st period - Jake Gardiner is hit by Drew Fata and loses puck.
2:05 of 1st period - Wrist shot by Riley Sheahan.
2:05 of 1st period - Shot Misses the Net.
2:07 of 1st period - Slapshot by Brenden Morrow.
2:07 of 1st period - Shot Misses the Net.
2:09 of 1st period - Wrist shot by Brenden Morrow.
2:09 of 1st period - Stopped by Carey Price without a rebound.
2:10 of 1st period - Marc Savard wins face-off versus Sam Gagner in Blues zone.
2:13 of 1st period - Slapshot by Nick Palmieri.
2:13 of 1st period - Shot Misses the Net.
2:53 of 1st period - Snap shot by David Perron.
2:53 of 1st period - Shot Blocked by Jordie Benn.
5:03 of 1st period - Snap shot by Kris Versteeg.
5:03 of 1st period - Stopped by Carey Price with a rebound.
5:05 of 1st period - Slapshot by Jamie McBain.
5:05 of 1st period - Shot Misses the Net.
5:07 of 1st period - Slapshot by Jamie McBain.
5:07 of 1st period - Shot Misses the Net.
5:46 of 1st period - Clarke MacArthur is hit by Filip Forsberg and loses puck.
6:03 of 1st period - Wrist shot by Robert Nilsson.
6:03 of 1st period - Shot Blocked by Jake Gardiner.
7:23 of 1st period - Jamie McBain is hit by Sam Gagner and loses puck.
8:03 of 1st period - Snap shot by Clarke MacArthur.
8:03 of 1st period - Shot Blocked by Jordan Eberle.
8:05 of 1st period - Slapshot by Alex Goligoski.
8:05 of 1st period - Shot Misses the Net.
8:07 of 1st period - Slapshot by Jamie McBain.
8:07 of 1st period - Shot Blocked by Nicklas Backstrom.
8:09 of 1st period - Slapshot by Jamie McBain.
8:09 of 1st period - Shot Blocked by Cody Ceci.
8:11 of 1st period - Wrist shot by Nick Palmieri.
8:11 of 1st period - Goal by Nick Palmieri - Canucks : 1 - Blues : 0.
8:12 of 1st period - Robert Nilsson wins face-off versus Nicklas Backstrom in neutral zone.
8:32 of 1st period - Minor Penalty to Jordie Benn for Holding.
8:33 of 1st period - Nicklas Backstrom wins face-off versus Robert Nilsson in Canucks zone.
8:40 of 1st period - Minor Penalty to Alex Goligoski for Interference.
8:41 of 1st period - Robert Nilsson wins face-off versus Nicklas Backstrom in Canucks zone.
9:14 of 1st period - Snap shot by Robert Nilsson.
9:14 of 1st period - Shot Blocked by Sergei Shirokov.
9:16 of 1st period - Slapshot by Jamie McBain.
9:16 of 1st period - Shot Misses the Net.
9:22 of 1st period - Snap shot by Jamie McBain.
9:22 of 1st period - Shot Blocked by Sergei Shirokov.
9:24 of 1st period - Snap shot by Dennis Wideman.
9:24 of 1st period - Deflect By David Perron.
9:24 of 1st period - Stopped by Carey Price without a rebound.
9:25 of 1st period - Nicklas Backstrom wins face-off versus Kris Versteeg in Blues zone.
10:16 of 1st period - Jamie McBain is hit by Jake Gardiner and loses puck.
10:32 of 1st period - Penalty to Jordie Benn is over, Jordie Benn is back on ice.
10:33 of 1st period - Icing by Jake Gardiner.
10:34 of 1st period - Sam Gagner wins face-off versus Robert Nilsson in Blues zone.
10:40 of 1st period - Penalty to Alex Goligoski is over, Alex Goligoski is back on ice.
11:16 of 1st period - Wrist shot by Brenden Morrow.
11:16 of 1st period - Shot Misses the Net.
11:18 of 1st period - Slapshot by Jordie Benn.
11:18 of 1st period - Stopped by Carey Price with a rebound.
11:20 of 1st period - Slapshot by Brenden Morrow.
11:20 of 1st period - Shot Misses the Net.
11:38 of 1st period - Wrist shot by Travis Zajac.
11:38 of 1st period - Shot Misses the Net.
11:40 of 1st period - Wrist shot by Nick Leddy.
11:40 of 1st period - Shot Misses the Net.
11:42 of 1st period - Slapshot by Sergei Shirokov.
11:42 of 1st period - Shot Blocked by Dennis Wideman.
12:21 of 1st period - Backhand shot by Linus Omark.
12:21 of 1st period - Stopped by Jacob Markstrom without a rebound.
12:22 of 1st period - Nicklas Backstrom wins face-off versus Robert Nilsson in Canucks zone.
12:29 of 1st period - Wrist shot by David Perron.
12:29 of 1st period - Stopped by Jacob Markstrom with a rebound.
12:31 of 1st period - Slapshot by Nicklas Backstrom.
12:31 of 1st period - Stopped by Jacob Markstrom with a rebound.
12:33 of 1st period - Snap shot by Nicklas Backstrom.
12:33 of 1st period - Stopped by Jacob Markstrom without a rebound.
12:34 of 1st period - Nicklas Backstrom wins face-off versus Robert Nilsson in Canucks zone.
12:41 of 1st period - Slapshot by Alex Pietrangelo.
12:41 of 1st period - Stopped by Jacob Markstrom without a rebound.
12:42 of 1st period - Robert Nilsson wins face-off versus David Perron in Canucks zone.
13:04 of 1st period - Minor Penalty to Alex Pietrangelo for Tripping.
13:05 of 1st period - Travis Zajac wins face-off versus Robert Nilsson in Blues zone.
13:46 of 1st period - Drew Shore is hit by Alex Goligoski and loses puck.
15:03 of 1st period - Dennis Wideman is hit by Drew Shore and loses puck.
15:04 of 1st period - Penalty to Alex Pietrangelo is over, Alex Pietrangelo is back on ice.
15:10 of 1st period - Slapshot by Patrick Kaleta.
15:10 of 1st period - Shot Misses the Net.
15:12 of 1st period - Slapshot by Cody Ceci.
15:12 of 1st period - Shot Hit the Post.
15:14 of 1st period - Snap shot by Patrick Kaleta.
15:14 of 1st period - Stopped by Jacob Markstrom without a rebound.
15:15 of 1st period - Jordan Eberle wins face-off versus Riley Sheahan in Canucks zone.
15:29 of 1st period - Minor Penalty to Steve Bernier for Roughing.
15:30 of 1st period - Robert Nilsson wins face-off versus Nicklas Backstrom in Canucks zone.
15:46 of 1st period - Snap shot by Jordan Eberle.
15:46 of 1st period - Shot Misses the Net.
16:06 of 1st period - Drew Fata is hit by Sergei Shirokov and loses puck.
16:37 of 1st period - Wrist shot by Alex Goligoski.
16:37 of 1st period - Shot Blocked by Jordan Eberle.
16:41 of 1st period - Snap shot by Brenden Morrow.
16:41 of 1st period - Shot Misses the Net.
17:29 of 1st period - Penalty to Steve Bernier is over, Steve Bernier is back on ice.
17:48 of 1st period - Slapshot by Alex Pietrangelo.
17:48 of 1st period - Shot Misses the Net.
17:50 of 1st period - Snap shot by Drew Shore.
17:50 of 1st period - Stopped by Jacob Markstrom with a rebound.
19:05 of 1st period - Patrick Kaleta is hit by Alex Goligoski and loses puck.
19:35 of 1st period - Jordie Benn is hit by Linus Omark and loses puck.
Goals for this period are 1 for Canucks vs 0 for Blues.
Shots for this period are 5 for Canucks vs 7 for Blues.
2nd period
0:01 of 2nd period - Nicklas Backstrom wins face-off versus Robert Nilsson in neutral zone.
0:12 of 2nd period - Jake Gardiner is hit by Alex Goligoski and loses puck.
0:27 of 2nd period - David Perron is hit by Riley Sheahan and loses puck.
0:40 of 2nd period - Wrist shot by Jordan Eberle.
0:40 of 2nd period - Stopped by Jacob Markstrom with a rebound.
0:42 of 2nd period - Slapshot by Jake Gardiner.
0:42 of 2nd period - Shot Misses the Net.
0:44 of 2nd period - Snap shot by Dougie Hamilton.
0:44 of 2nd period - Shot Misses the Net.
0:46 of 2nd period - Slapshot by Dougie Hamilton.
0:46 of 2nd period - Shot Misses the Net.
0:48 of 2nd period - Slapshot by Dougie Hamilton.
0:48 of 2nd period - Stopped by Jacob Markstrom with a rebound.
0:50 of 2nd period - Wrist shot by Nicklas Backstrom.
0:50 of 2nd period - Shot Misses the Net.
0:56 of 2nd period - Wrist shot by Jordan Eberle.
0:56 of 2nd period - Shot Misses the Net.
0:58 of 2nd period - Slapshot by Dougie Hamilton.
0:58 of 2nd period - Shot Misses the Net.
1:00 of 2nd period - Slapshot by Jake Gardiner.
1:00 of 2nd period - Shot Blocked by Riley Sheahan.
1:02 of 2nd period - Snap shot by Dougie Hamilton.
1:02 of 2nd period - Stopped by Jacob Markstrom with a rebound.
1:04 of 2nd period - Slapshot by David Perron.
1:04 of 2nd period - Shot Misses the Net.
1:06 of 2nd period - Wrist shot by David Perron.
1:06 of 2nd period - Deflect By Jordan Eberle.
1:06 of 2nd period - Stopped by Jacob Markstrom without a rebound.
1:07 of 2nd period - Robert Nilsson wins face-off versus Travis Zajac in Canucks zone.
1:07 of 2nd period - Robert Nilsson is hit by Travis Zajac.
2:19 of 2nd period - Slapshot by Nick Palmieri.
2:19 of 2nd period - Shot Blocked by Nick Leddy.
2:21 of 2nd period - Slapshot by Clarke MacArthur.
2:21 of 2nd period - Shot Misses the Net.
2:23 of 2nd period - Slapshot by Jamie McBain.
2:23 of 2nd period - Stopped by Carey Price with a rebound.
2:25 of 2nd period - Slapshot by Nick Palmieri.
2:25 of 2nd period - Shot Misses the Net.
2:39 of 2nd period - Snap shot by Nick Palmieri.
2:39 of 2nd period - Shot Blocked by Yann Sauvé.
2:47 of 2nd period - Snap shot by Clarke MacArthur.
2:47 of 2nd period - Shot Misses the Net.
2:49 of 2nd period - Slapshot by Jamie McBain.
2:49 of 2nd period - Deflect By Clarke MacArthur.
2:49 of 2nd period - Shot Blocked by Sergei Shirokov.
2:49 of 2nd period - Puck is out of play.
2:50 of 2nd period - Robert Nilsson wins face-off versus Nicklas Backstrom in Blues zone.
2:51 of 2nd period - Snap shot by Henrik Zetterberg.
2:51 of 2nd period - Shot Blocked by Alex Pietrangelo.
3:05 of 2nd period - Henrik Zetterberg is hit by Jordan Eberle and loses puck.
3:20 of 2nd period - Snap shot by Drew Fata.
3:20 of 2nd period - Stopped by Carey Price without a rebound.
3:21 of 2nd period - Riley Sheahan wins face-off versus Nicklas Backstrom in Blues zone.
3:28 of 2nd period - Slapshot by Riley Sheahan.
3:28 of 2nd period - Stopped by Carey Price without a rebound.
3:29 of 2nd period - Nicklas Backstrom wins face-off versus Kris Versteeg in Blues zone.
3:29 of 2nd period - Nicklas Backstrom is hit by Kris Versteeg.
3:34 of 2nd period - Jake Gardiner is hit by Danny DeKeiser and loses puck.
4:16 of 2nd period - Slapshot by Drew Fata.
4:16 of 2nd period - Stopped by Carey Price without a rebound.
4:17 of 2nd period - James Wright wins face-off versus Drew Shore in Blues zone.
4:18 of 2nd period - Wrist shot by Robert Nilsson.
4:18 of 2nd period - Stopped by Carey Price without a rebound.
4:19 of 2nd period - Drew Shore wins face-off versus Robert Nilsson in Blues zone.
4:19 of 2nd period - Drew Shore is hit by Robert Nilsson.
4:32 of 2nd period - Snap shot by Linus Omark.
4:32 of 2nd period - Shot Blocked by Jamie McBain.
4:34 of 2nd period - Slapshot by Cody Ceci.
4:34 of 2nd period - Shot Blocked by Robert Nilsson.
4:36 of 2nd period - Slapshot by Cody Ceci.
4:36 of 2nd period - Stopped by Jacob Markstrom without a rebound.
4:37 of 2nd period - Nicklas Backstrom wins face-off versus Marc Savard in Canucks zone.
4:40 of 2nd period - Wrist shot by Nicklas Backstrom.
4:40 of 2nd period - Stopped by Jacob Markstrom without a rebound.
4:41 of 2nd period - Nicklas Backstrom wins face-off versus Marc Savard in Canucks zone.
4:58 of 2nd period - Slapshot by Jamie McBain.
4:58 of 2nd period - Shot Blocked by Jake Gardiner.
5:16 of 2nd period - Wrist shot by Riley Sheahan.
5:16 of 2nd period - Shot Misses the Net.
5:18 of 2nd period - Slapshot by Brenden Morrow.
5:18 of 2nd period - Stopped by Carey Price with a rebound.
5:20 of 2nd period - Wrist shot by Brenden Morrow.
5:20 of 2nd period - Shot Misses the Net.
5:38 of 2nd period - Backhand shot by Travis Zajac.
5:38 of 2nd period - Stopped by Jacob Markstrom without a rebound.
5:39 of 2nd period - Robert Nilsson wins face-off versus Travis Zajac in Canucks zone.
5:44 of 2nd period - Dennis Wideman is hit by Travis Zajac and loses puck.
6:07 of 2nd period - Slapshot by Drew Fata.
6:07 of 2nd period - Deflect By Nick Palmieri.
6:07 of 2nd period - Stopped by Carey Price without a rebound.
6:08 of 2nd period - Sam Gagner wins face-off versus Marc Savard in Blues zone.
6:08 of 2nd period - Sam Gagner is hit by Clarke MacArthur.
6:18 of 2nd period - Snap shot by Nick Palmieri.
6:18 of 2nd period - Stopped by Carey Price with a rebound.
6:34 of 2nd period - Sam Gagner is hit by Brenden Morrow and loses puck.
6:57 of 2nd period - Wrist shot by Robert Nilsson.
6:57 of 2nd period - Shot Misses the Net.
6:59 of 2nd period - Slapshot by Henrik Zetterberg.
6:59 of 2nd period - Goal by Henrik Zetterberg - Canucks : 2 - Blues : 0.
7:00 of 2nd period - Jordan Eberle wins face-off versus Robert Nilsson in neutral zone.
7:14 of 2nd period - Minor Penalty to Jamie McBain for Interference.
7:15 of 2nd period - Nicklas Backstrom wins face-off versus Robert Nilsson in Canucks zone.
7:16 of 2nd period - Slapshot by Alex Pietrangelo.
7:16 of 2nd period - Deflect By Jordan Eberle.
7:16 of 2nd period - Shot Blocked by Alex Goligoski.
7:16 of 2nd period - Puck is out of play.
7:17 of 2nd period - Nicklas Backstrom wins face-off versus Robert Nilsson in Canucks zone.
7:48 of 2nd period - Wrist shot by David Perron.
7:48 of 2nd period - Shot Blocked by Alex Goligoski.
9:14 of 2nd period - Penalty to Jamie McBain is over, Jamie McBain is back on ice.
9:20 of 2nd period - Off-side.
9:21 of 2nd period - Linus Omark wins face-off versus Marc Savard in neutral zone.
9:23 of 2nd period - Minor Penalty to Alex Pietrangelo for Holding.
9:24 of 2nd period - Travis Zajac wins face-off versus Robert Nilsson in Blues zone.
9:24 of 2nd period - Travis Zajac is hit by Kris Versteeg.
10:02 of 2nd period - Yann Sauvé is hit by Jamie McBain and loses puck.
11:23 of 2nd period - Penalty to Alex Pietrangelo is over, Alex Pietrangelo is back on ice.
12:13 of 2nd period - Danny DeKeiser is hit by Patrick Kaleta.
12:43 of 2nd period - Jordan Eberle is hit by Drew Fata and loses puck.
13:14 of 2nd period - Slapshot by Alex Pietrangelo.
13:14 of 2nd period - Stopped by Jacob Markstrom without a rebound.
13:15 of 2nd period - Drew Shore wins face-off versus Robert Nilsson in Canucks zone.
13:16 of 2nd period - Snap shot by Jesper Fast.
13:16 of 2nd period - Shot Misses the Net.
13:18 of 2nd period - Slapshot by Drew Shore.
13:18 of 2nd period - Stopped by Jacob Markstrom with a rebound.
13:28 of 2nd period - Wrist shot by Linus Omark.
13:28 of 2nd period - Shot Misses the Net.
13:30 of 2nd period - Snap shot by Jake Gardiner.
13:30 of 2nd period - Shot Misses the Net.
13:40 of 2nd period - Dougie Hamilton is hit by Marc Savard and loses puck.
13:53 of 2nd period - Slapshot by Nick Palmieri.
13:53 of 2nd period - Stopped by Carey Price without a rebound.
13:54 of 2nd period - Riley Sheahan wins face-off versus Nicklas Backstrom in Blues zone.
14:02 of 2nd period - Minor Penalty to Nicklas Backstrom for Boarding.
14:03 of 2nd period - Robert Nilsson wins face-off versus Jordan Eberle in Blues zone.
14:03 of 2nd period - Snap shot by Kris Versteeg.
14:03 of 2nd period - Stopped by Carey Price with a rebound.
14:05 of 2nd period - Wrist shot by Kris Versteeg.
14:05 of 2nd period - Goal by Kris Versteeg - Canucks : 3 - Blues : 0.
14:06 of 2nd period - Nicklas Backstrom wins face-off versus Robert Nilsson in neutral zone.
14:57 of 2nd period - Snap shot by Steve Bernier.
14:57 of 2nd period - Deflect By Riley Sheahan.
14:57 of 2nd period - Stopped by Carey Price without a rebound.
14:58 of 2nd period - Sam Gagner wins face-off versus Riley Sheahan in Blues zone.
15:07 of 2nd period - Wrist shot by Sam Gagner.
15:07 of 2nd period - Shot Blocked by Steve Bernier.
15:09 of 2nd period - Wrist shot by Patrick Kaleta.
15:09 of 2nd period - Shot Misses the Net.
15:19 of 2nd period - Minor Penalty to Jake Gardiner for Holding.
15:20 of 2nd period - Travis Zajac wins face-off versus Robert Nilsson in Blues zone.
15:29 of 2nd period - Wrist shot by Kris Versteeg.
15:29 of 2nd period - Goal by Kris Versteeg - Canucks : 4 - Blues : 0.
15:29 of 2nd period - Pascal Leclaire enters game.
15:30 of 2nd period - Nicklas Backstrom wins face-off versus Robert Nilsson in neutral zone.
15:45 of 2nd period - Slapshot by David Perron.
15:45 of 2nd period - Shot Misses the Net.
16:48 of 2nd period - Snap shot by Jesper Fast.
16:48 of 2nd period - Shot Misses the Net.
16:50 of 2nd period - Snap shot by Linus Omark.
16:50 of 2nd period - Shot Misses the Net.
17:13 of 2nd period - Off-side.
17:14 of 2nd period - Marc Savard wins face-off versus Sam Gagner in neutral zone.
17:14 of 2nd period - Jordie Benn is hit by Sam Gagner and loses puck.
17:22 of 2nd period - Minor Penalty to Jeff Skinner for Cross-checking.
17:23 of 2nd period - Robert Nilsson wins face-off versus Travis Zajac in Blues zone.
17:23 of 2nd period - Snap shot by Henrik Zetterberg.
17:23 of 2nd period - Stopped by Pascal Leclaire with a rebound.
17:25 of 2nd period - Wrist shot by Robert Nilsson.
17:25 of 2nd period - Deflect By Henrik Zetterberg.
17:25 of 2nd period - Goal by Henrik Zetterberg - Canucks : 5 - Blues : 0.
17:26 of 2nd period - Robert Nilsson wins face-off versus David Perron in neutral zone.
17:31 of 2nd period - Cody Ceci is hit by Henrik Zetterberg and loses puck.
17:53 of 2nd period - Double Minor Penalty to Filip Forsberg for Slashing.
17:54 of 2nd period - Robert Nilsson wins face-off versus Jordan Eberle in Blues zone.
19:25 of 2nd period - Icing by Alex Goligoski.
19:26 of 2nd period - Robert Nilsson wins face-off versus Travis Zajac in Canucks zone.
Goals for this period are 4 for Canucks vs 0 for Blues.
Shots for this period are 16 for Canucks vs 9 for Blues.
3rd period
0:01 of 3rd period - Robert Nilsson wins face-off versus Travis Zajac in neutral zone.
0:04 of 3rd period - Snap shot by Jamie McBain.
0:04 of 3rd period - Shot Hit the Post.
0:15 of 3rd period - Off-side.
0:16 of 3rd period - Kris Versteeg wins face-off versus Travis Zajac in neutral zone.
0:43 of 3rd period - Cody Ceci is hit by Jamie McBain and loses puck.
0:50 of 3rd period - Wrist shot by Clarke MacArthur.
0:50 of 3rd period - Deflect By Nick Palmieri.
0:50 of 3rd period - Shot Blocked by Alex Pietrangelo.
0:50 of 3rd period - Puck is out of play.
0:51 of 3rd period - Travis Zajac wins face-off versus Robert Nilsson in Blues zone.
0:51 of 3rd period - Travis Zajac is hit by Kris Versteeg.
1:53 of 3rd period - Penalty to Filip Forsberg is over, Filip Forsberg is back on ice.
1:57 of 3rd period - Cody Ceci is hit by Brenden Morrow and loses puck.
2:20 of 3rd period - Wrist shot by Cody Ceci.
2:20 of 3rd period - Stopped by Jacob Markstrom with a rebound.
2:26 of 3rd period - Alex Pietrangelo is hit by Robert Nilsson and loses puck.
2:34 of 3rd period - Icing by Cody Ceci.
2:35 of 3rd period - Marc Savard wins face-off versus Sam Gagner in Blues zone.
3:43 of 3rd period - Icing by Dougie Hamilton.
3:44 of 3rd period - Filip Forsberg wins face-off versus Marc Savard in Blues zone.
3:44 of 3rd period - Filip Forsberg is hit by Clarke MacArthur.
3:47 of 3rd period - Dougie Hamilton is hit by Jordie Benn and loses puck.
4:33 of 3rd period - Off-side.
4:34 of 3rd period - Robert Nilsson wins face-off versus Nicklas Backstrom in neutral zone.
4:37 of 3rd period - Slapshot by Jamie McBain.
4:37 of 3rd period - Stopped by Pascal Leclaire without a rebound.
4:38 of 3rd period - Nicklas Backstrom wins face-off versus Robert Nilsson in Blues zone.
4:42 of 3rd period - Off-side.
4:43 of 3rd period - Robert Nilsson wins face-off versus Nicklas Backstrom in neutral zone.
4:46 of 3rd period - Jordan Eberle is hit by Jamie McBain and loses puck.
4:58 of 3rd period - Minor Penalty to David Perron for Hooking.
4:59 of 3rd period - Travis Zajac wins face-off versus Robert Nilsson in Blues zone.
5:12 of 3rd period - Snap shot by Robert Nilsson.
5:12 of 3rd period - Shot Blocked by Alex Pietrangelo.
5:14 of 3rd period - Snap shot by Jamie McBain.
5:14 of 3rd period - Shot Blocked by Jordan Eberle.
6:46 of 3rd period - Yann Sauvé is hit by Dennis Wideman and loses puck.
6:58 of 3rd period - Penalty to David Perron is over, David Perron is back on ice.
7:39 of 3rd period - David Perron is hit by Steve Bernier and loses puck.
8:02 of 3rd period - Nick Leddy is hit by Clarke MacArthur.
10:01 of 3rd period - Nick Palmieri is hit by Jake Gardiner and loses puck.
10:18 of 3rd period - Jamie McBain is hit by Travis Zajac.
10:48 of 3rd period - Snap shot by Marc Savard.
10:48 of 3rd period - Shot Blocked by Sergei Shirokov.
10:50 of 3rd period - Snap shot by Nick Palmieri.
10:50 of 3rd period - Shot Blocked by Sergei Shirokov.
10:52 of 3rd period - Backhand shot by Clarke MacArthur.
10:52 of 3rd period - Shot Blocked by Dougie Hamilton.
10:54 of 3rd period - Wrist shot by Nick Palmieri.
10:54 of 3rd period - Stopped by Pascal Leclaire with a rebound.
10:56 of 3rd period - Slapshot by Drew Fata.
10:56 of 3rd period - Stopped by Pascal Leclaire with a rebound.
11:11 of 3rd period - Minor Penalty to Sergei Shirokov for Tripping.
11:12 of 3rd period - Drew Shore wins face-off versus Robert Nilsson in Blues zone.
11:57 of 3rd period - Slapshot by Dennis Wideman.
11:57 of 3rd period - Stopped by Pascal Leclaire without a rebound.
11:57 of 3rd period - Minor Penalty to Pascal Leclaire for Delaying the game.
11:58 of 3rd period - Drew Shore wins face-off versus Robert Nilsson in Blues zone.
12:40 of 3rd period - Jake Gardiner is hit by Nick Palmieri and loses puck.
12:51 of 3rd period - Slapshot by Yann Sauvé.
12:51 of 3rd period - Shot Misses the Net.
12:55 of 3rd period - Wrist shot by Travis Zajac.
12:55 of 3rd period - Goal by Travis Zajac - Canucks : 5 - Blues : 1.
12:56 of 3rd period - Drew Shore wins face-off versus Marc Savard in neutral zone.
13:05 of 3rd period - Snap shot by Alex Goligoski.
13:05 of 3rd period - Stopped by Pascal Leclaire with a rebound.
13:07 of 3rd period - Slapshot by Alex Goligoski.
13:07 of 3rd period - Shot Blocked by Alex Pietrangelo.
13:09 of 3rd period - Snap shot by Clarke MacArthur.
13:09 of 3rd period - Shot Misses the Net.
13:11 of 3rd period - Penalty to Sergei Shirokov is over, Sergei Shirokov is back on ice.
13:11 of 3rd period - Slapshot by Jamie McBain.
13:11 of 3rd period - Shot Misses the Net.
13:13 of 3rd period - Snap shot by Clarke MacArthur.
13:13 of 3rd period - Stopped by Pascal Leclaire with a rebound.
13:23 of 3rd period - Cody Ceci is hit by Kris Versteeg and loses puck.
13:57 of 3rd period - Penalty to Jeff Skinner is over, Jeff Skinner is back on ice.
14:15 of 3rd period - Backhand shot by Patrick Kaleta.
14:15 of 3rd period - Stopped by Jacob Markstrom with a rebound.
14:42 of 3rd period - Snap shot by Filip Forsberg.
14:42 of 3rd period - Stopped by Jacob Markstrom with a rebound.
15:01 of 3rd period - Minor Penalty to Sam Gagner for Hooking.
15:02 of 3rd period - Travis Zajac wins face-off versus Robert Nilsson in Blues zone.
15:17 of 3rd period - Snap shot by Kris Versteeg.
15:17 of 3rd period - Shot Misses the Net.
15:19 of 3rd period - Slapshot by Robert Nilsson.
15:19 of 3rd period - Shot Misses the Net.
15:36 of 3rd period - Icing by Alex Goligoski.
15:37 of 3rd period - Drew Shore wins face-off versus Nick Palmieri in Canucks zone.
15:42 of 3rd period - Slapshot by Jake Gardiner.
15:42 of 3rd period - Stopped by Jacob Markstrom with a rebound.
15:50 of 3rd period - Slapshot by Marc Savard.
15:50 of 3rd period - Shot Misses the Net.
15:58 of 3rd period - Slapshot by Jamie McBain.
15:58 of 3rd period - Stopped by Pascal Leclaire with a rebound.
16:00 of 3rd period - Slapshot by Alex Goligoski.
16:00 of 3rd period - Deflect By Nick Palmieri.
16:00 of 3rd period - Goal by Nick Palmieri - Canucks : 6 - Blues : 1.
16:01 of 3rd period - Robert Nilsson wins face-off versus Nicklas Backstrom in neutral zone.
16:23 of 3rd period - Minor Penalty to Nicklas Backstrom for Holding.
16:24 of 3rd period - Travis Zajac wins face-off versus Robert Nilsson in Blues zone.
18:23 of 3rd period - Penalty to Nicklas Backstrom is over, Nicklas Backstrom is back on ice.
19:36 of 3rd period - Icing by Jason Zucker.
19:37 of 3rd period - Sam Gagner wins face-off versus James Wright in Canucks zone.
19:38 of 3rd period - Slapshot by Patrick Kaleta.
19:38 of 3rd period - Shot Blocked by Jason Zucker.
19:52 of 3rd period - James Wright is hit by Dougie Hamilton and loses puck.
19:59 of 3rd period - Darren Helm is hit by Jake Gardiner and loses puck.
Goals for this period are 1 for Canucks vs 1 for Blues.
Shots for this period are 8 for Canucks vs 5 for Blues.
Back to the Top